AoeStats
← notthemama

Arabia

507749384Analyzed
1v1 RM · 14d ago on Sep 19, 2026· 41m 53s· 2 players
Game mode
Random Map
Map size
Tiny (2 player)
Population
200
Speed
Normal
Resources
Standard
Victory
Conquest
Starting age
Dark Age
Ending age
Imperial Age
RankedLock teamsTeams togetherTeam positionsShared explorationLock speedFull tech treeHidden civsTurbo modeCheats
Victory
Defeat
🇮🇹 Burgundians · Italy
1127
+18
🇹🇷 Bengalis · Türkiye
1167
-18
metekemal
6:33 Loom
9:47 Feudal Age
14:58 Scale Barding Armor
19:46 Town Watch
22:04 Castle Age
20:23 Double-Bit Axe
20:30 Gold Mining
21:12 Horse Collar
22:53 Husbandry
23:24 Bloodlines
23:21 Squires
22:42 Pikeman
28:01 Scale Mail Armor
29:59 Fervor
30:23 Chain Mail Armor
34:06 Forging
36:45 Fletching
40:10 Imperial Age
39:09 Heavy Plow
39:47 Gold Shaft Mining
39:29 Bow Saw
39:28 Bodkin Arrow
41:53 Two-Man Saw
41:23 Bracer
41:49 Ballistics
42:30 Chemistry
41:54 Conscription
42:00 Padded Archer Armor
notthemama
7:14 Loom
9:42 Feudal Age
10:17 Double-Bit Axe
12:32 Horse Collar
17:25 Bow Saw
17:17 Heavy Plow
20:34 Wheelbarrow
24:09 Castle Age
22:21 Gold Mining
24:50 Hand Cart
24:33 Fletching
24:44 Padded Archer Armor
24:47 Scale Mail Armor
24:58 Forging
24:56 Cavalier
25:37 Husbandry
25:41 Squires
25:58 Scale Barding Armor
27:04 Crop Rotation
27:37 Two-Man Saw
27:21 Stone Mining
29:18 Chain Mail Armor
30:47 Iron Casting
36:07 Imperial Age
33:24 Town Watch
34:43 Burgundian Vineyards
36:09 Chain Barding Armor
37:45 Conscription
38:09 Hoardings
38:54 Chemistry
38:17 Ballistics
37:55 Murder Holes
38:11 Masonry
39:56 Plate Mail Armor
40:31 Blast Furnace
40:26 Pikeman
40:52 Elite Skirmisher
Connection lost

Rejoining the realm…

Still unreachable

The connection could not be restored.

Session expired

The server has moved on; the page needs a fresh start.